[Event "Titled Tuesday Blitz June 29 2021"]
[White "katchesskat"]
[Black "Karttunen"]
[WhiteElo "2327"]
[BlackElo "2501"]
[Result "1-0"]
[Round "11"]
[TimeControl "180+1"]
[Date "2021.06.29"]
[WhiteClock "0:00:29"]
[BlackClock "0:00:19"]

1. c4 Nf6 2. e3 c6 3. a3 d5 4. Nf3 g6 5. b4 Bg7 6. Bb2 O-O 7. d3 a5 8. Qc2 axb4 9. axb4 Rxa1 10. Bxa1 Qb6 11. Bc3 Na6 12. c5 Qd8 13. Qb2 Nc7 14. Be2 Nb5 15. Be5 Bg4 16. Nbd2 Qa8 17. O-O Qa3 18. h3 Qxb2 19. Bxb2 Bxf3 20. Nxf3 Ra8 21. Rb1 Nd7 22. Bxg7 Kxg7 23. d4 Nc3 24. Re1 Ra4 25. b5 cxb5 26. Bd3 b4 27. Nd2 e5 28. Nb3 e4 29. Bc2 Ra2 30. Bd1 f5 31. Kf1 h5 32. g4 fxg4 33. hxg4 h4 34. Kg2 g5 35. Kh3 Rxf2 36. Na5 Rd2 37. Bb3 Nb8 38. Nxb7 Nc6 39. Nd6 Rb2 40. Nf5+ Kg6 41. Ra1 Rxb3 42. Ra6 Nd1 43. Rxc6+ Kf7 44. Rc7+ Kf8 45. c6 Nxe3 46. Kh2 Nf1+ 47. Kg1 Ng3 48. Rb7 Rc3 49. c7 e3 50. Rb8+ Kf7 51. c8=Q Rxc8 52. Rxc8 e2 53. Rc7+ Kf6 54. Kf2 Nxf5 55. gxf5 Kxf5 56. Kxe2 Ke4 57. Rb7 g4 58. Rxb4 g3 59. Kf1 h3 60. Rb3 Kf4 61. Kg1 Kg4 62. Re3 Kf4 63. Re5 Kf3 64. Rf5+ Ke4 65. Rg5 Kxd4 66. Rxg3 Kc4 67. Rxh3 d4 68. Kf2 d3 69. Ke1 Kc3 70. Kd1 1-0


[Site "https://www.chess.com"]

[Event "Titled Tuesday Blitz June 29 2021"]
[White "kudesnik84"]
[Black "MatyChess1"]
[WhiteElo "2449"]
[BlackElo "2600"]
[Result "0-1"]
[Round "11"]
[TimeControl "180+1"]
[Date "2021.06.29"]
[WhiteClock "0:00:01"]
[BlackClock "0:00:12"]

1. e4 e5 2. Nf3 Nc6 3. Bc4 Bc5 4. d3 Nf6 5. O-O d6 6. Re1 O-O 7. c3 a5 8. a4 Ng4 9. Re2 Kh8 10. h3 Nh6 11. Bg5 Qe8 12. d4 Bb6 13. Bxh6 gxh6 14. Na3 Rg8 15. Kh1 Qe7 16. Nb5 Bd7 17. Qd2 Rg6 18. Rd1 Rag8 19. Rg1 Qf6 20. Qd3 Bc8 21. Kh2 Nd8 22. g3 Ne6 23. Ree1 h5 24. Qe2 Rh6 25. Nh4 Nf4 26. gxf4 Qxf4+ 27. Rg3 Qxh4 28. Rxg8+ Kxg8 29. Rg1+ Rg6 30. Rxg6+ hxg6 31. Qf3 Qe7 32. Kg3 Kg7 33. h4 f6 34. Bb3 c6 35. Na3 exd4 36. Nc4 Bc7 37. cxd4 d5+ 38. e5 dxc4 39. Bxc4 fxe5 40. dxe5 Qxe5+ 41. Kg2 Qh2+ 42. Kf1 Qh3+ 43. Qxh3 Bxh3+ 44. Ke1 Kf6 45. Bd3 Bf5 46. Bc4 Be6 47. Bd3 Be5 48. Ke2 Bxb2 49. Kd2 Be5 50. Be4 Bd4 51. f3 Be5 52. Ke3 Bg3 53. Bd3 Bxh4 54. Kf4 Bg5+ 55. Kg3 Be3 56. f4 Bc5 57. Bc2 Bd6 58. Kh4 Bxf4 0-1


[Site "https://www.chess.com"]

[Event "Titled Tuesday Blitz June 29 2021"]
[White "lacafi"]
[Black "elohunter1999"]
[WhiteElo "2239"]
[BlackElo "2566"]
[Result "0-1"]
[Round "11"]
[TimeControl "180+1"]
[Date "2021.06.29"]
[WhiteClock "0:00:02"]
[BlackClock "0:00:36"]

1. d4 Nf6 2. Nf3 d5 3. e3 Bf5 4. Bd3 Bg6 5. O-O Nbd7 6. b3 e6 7. Bb2 Bd6 8. c4 c6 9. h3 Bxd3 10. Qxd3 Ne4 11. Nbd2 f5 12. Ne5 O-O 13. f3 Nxd2 14. Qxd2 Rf6 15. Rad1 Rh6 16. e4 fxe4 17. fxe4 Nf6 18. exd5 exd5 19. Qg5 Be7 20. Qf5 Qc8 21. cxd5 Qxf5 22. Rxf5 Nxd5 23. Rf3 Rf6 24. Rxf6 Bxf6 25. Nd7 Rd8 26. Nc5 b6 27. Ne4 Re8 28. Nxf6+ gxf6 29. Kf2 Kf7 30. Rd2 Re6 31. Rc2 Ke7 32. Bc1 Kd7 33. Bh6 a5 34. Bc1 Re4 35. Bb2 Nb4 0-1


[Site "https://www.chess.com"]

[Event "Titled Tuesday Blitz June 29 2021"]
[White "maracayo"]
[Black "MuhittinBuker"]
[WhiteElo "2420"]
[BlackElo "2124"]
[Result "1-0"]
[Round "11"]
[TimeControl "180+1"]
[Date "2021.06.29"]
[WhiteClock "0:00:40"]
[BlackClock "0:01:51"]

1. e4 d6 2. d4 Nf6 3. Nc3 g6 4. f4 Bg7 5. Nf3 O-O 6. Bd3 Nc6 7. e5 Nd7 8. O-O dxe5 9. fxe5 e6 10. Bg5 Qe8 11. Nb5 f6 12. Nxc7 Qe7 13. exf6 Nxf6 14. Nxa8 b6 15. Bc4 Bb7 16. Nxb6 axb6 17. c3 Qd7 18. Qe2 Nd5 19. Ne5 Nxe5 20. Rxf8+ Bxf8 21. Qxe5 Bg7 22. Qe2 Qc6 23. Re1 Bc8 24. Bb5 Qd6 25. a4 h6 26. Bd2 Kh7 27. Bd3 Bd7 28. Qe4 Ne7 29. h4 h5 30. Qf4 Qd5 31. Qg5 Nf5 32. Bxf5 exf5 33. Re7 1-0


[Site "https://www.chess.com"]

[Event "Titled Tuesday Blitz June 29 2021"]
[White "mbojan"]
[Black "hanzo_hasashi1"]
[WhiteElo "2674"]
[BlackElo "2870"]
[Result "0-1"]
[Round "11"]
[TimeControl "180+1"]
[Date "2021.06.29"]
[WhiteClock "0:00:02"]
[BlackClock "0:00:06"]

1. e4 e5 2. Nf3 Nc6 3. Bb5 Nf6 4. O-O Nxe4 5. Re1 Nd6 6. Nxe5 Be7 7. Bf1 Nf5 8. Nf3 d5 9. d4 O-O 10. c3 Re8 11. Bd3 Bd6 12. Nbd2 Rxe1+ 13. Qxe1 Qe7 14. Qd1 f6 15. Nf1 Qf7 16. Qc2 g6 17. Bd2 Be6 18. Re1 Re8 19. Qb3 Rb8 20. Ng3 Nxg3 21. hxg3 Ne7 22. Bf4 Bxf4 23. gxf4 Nf5 24. Bxf5 Bxf5 25. Qa3 Re8 26. Rxe8+ Qxe8 27. Qxa7 Qc6 28. Qa8+ Kf7 29. Qh8 h5 30. Qh7+ Ke8 31. Nh4 Qe6 32. Nxg6 Qe4 33. Qg8+ Kd7 34. Qf7+ Kc6 35. Qxf6+ Kb5 36. Ne5 Qxf4 37. g3 Qc1+ 38. Kg2 Be4+ 39. f3 Qxb2+ 40. Kh3 Bb1 41. Qe7 Qxc3 42. a4+ Kxa4 43. Qd7+ Ka3 44. Qxd5 Qb4 45. Nc4+ Ka4 46. Qd7+ Kb3 47. Nd2+ Qxd2 48. Qxc7 Qb4 49. Qf7+ Kb2 50. Qxh5 b5 51. g4 Bd3 52. Qe5 Qc3 53. d5 Qxe5 0-1


[Site "https://www.chess.com"]

[Event "Titled Tuesday Blitz June 29 2021"]
[White "nfds"]
[Black "RobertoJBM"]
[WhiteElo "2504"]
[BlackElo "2656"]
[Result "0-1"]
[Round "11"]
[TimeControl "180+1"]
[Date "2021.06.29"]
[WhiteClock "0:00:02"]
[BlackClock "0:00:46"]

1. Nf3 d5 2. c4 c6 3. b3 d4 4. Bb2 c5 5. e3 Nc6 6. exd4 cxd4 7. d3 e5 8. Be2 Bd6 9. O-O Nge7 10. a3 a5 11. Nbd2 O-O 12. Qc2 b6 13. Rfe1 Bc7 14. Bf1 f6 15. g3 Bf5 16. Bg2 Qd7 17. Ne4 Bh3 18. b4 Bxg2 19. Kxg2 axb4 20. axb4 Nxb4 21. Qb3 Nbc6 22. Qb5 Kh8 23. h4 h5 24. Qb3 Ra5 25. Rxa5 Nxa5 26. Qd1 g6 27. Ba3 Nac6 28. Nfd2 Rf7 29. Qb3 Kg7 30. Ra1 Na5 31. Qc2 Nf5 32. Bb4 Nc6 33. Ba3 Nd8 34. Bc1 Ne6 35. Rb1 Qc6 36. Nf3 Nd6 37. Nxd6 Bxd6 38. Qe2 Nc5 39. Kg1 Re7 40. Nd2 f5 41. f3 e4 42. fxe4 fxe4 43. dxe4 Bxg3 44. Kg2 Bxh4 45. Ra1 Bf6 46. Qf3 d3 47. Ra8 Qxa8 0-1


[Site "https://www.chess.com"]

[Event "Titled Tuesday Blitz June 29 2021"]
[White "nocnypako"]
[Black "KarateBaby"]
[WhiteElo "2535"]
[BlackElo "2401"]
[Result "1-0"]
[Round "11"]
[TimeControl "180+1"]
[Date "2021.06.29"]
[WhiteClock "0:00:01"]
[BlackClock "0:00:05"]

1. d4 Nf6 2. c4 g6 3. Nc3 Bg7 4. e4 d6 5. Nf3 O-O 6. Be2 Nbd7 7. O-O e5 8. Re1 Re8 9. Bf1 a6 10. Rb1 exd4 11. Nxd4 Nc5 12. f3 Nh5 13. Be3 Be5 14. Qd2 Qh4 15. g3 Qd8 16. Bg2 a5 17. Rbd1 Bg7 18. Nc2 Ne6 19. b3 Nf6 20. f4 Qe7 21. Nd5 Qd8 22. f5 Nc5 23. Bg5 h6 24. Bxf6 Bxf6 25. fxg6 fxg6 26. Qxh6 Bg7 27. Qxg6 Re6 28. Qh5 Rh6 29. Qe2 Bh3 30. Nce3 Bxg2 31. Qxg2 Qg5 32. Nf5 Rh7 33. Nxc7 Rf8 34. h4 Qg4 35. Nd5 Be5 36. Nde3 Qg6 37. g4 Kh8 38. g5 Bf4 39. Ng4 Nxe4 40. Qxe4 Qxf5 41. Qxf5 Rxf5 42. Re8+ Kg7 43. Nh6 Kg6 44. Nxf5 Kxf5 45. Rf1 Rxh4 46. Rf8+ Kxg5 47. Kg2 Rg4+ 48. Kf3 Rg3+ 49. Ke4 Re3+ 50. Kd5 Be5 51. Rg8+ Kh4 52. Rh1+ Rh3 53. Rxh3+ Kxh3 54. Rb8 b6 55. Rxb6 1-0


[Site "https://www.chess.com"]

[Event "Titled Tuesday Blitz June 29 2021"]
[White "ozates"]
[Black "NTBT_DHS"]
[WhiteElo "2533"]
[BlackElo "2716"]
[Result "1/2-1/2"]
[Round "11"]
[TimeControl "180+1"]
[Date "2021.06.29"]
[WhiteClock "0:00:10"]
[BlackClock "0:00:10"]

1. e4 c6 2. d4 d5 3. e5 Bf5 4. Nf3 e6 5. Be2 Nd7 6. c3 Be7 7. Be3 g5 8. h3 h6 9. Nbd2 f6 10. exf6 Ngxf6 11. Ne5 Nxe5 12. dxe5 Nd7 13. Bh5+ Kf8 14. f4 Bc5 15. Bxc5+ Nxc5 16. O-O Kg7 17. Nf3 gxf4 18. Nd4 Qg5 19. b4 Bxh3 20. Bf3 Ne4 21. Qc2 Bf5 22. Bxe4 dxe4 23. Rae1 Rae8 24. Qd2 e3 25. Nxf5+ exf5 26. Qd4 Kh7 27. Rxf4 Rhg8 28. Re2 Re7 29. Qxe3 Rd8 30. Qf3 Rd1+ 31. Kf2 Re6 32. Rxf5 Qh4+ 33. g3 Qh2+ 34. Ke3 Qg1+ 35. Ke4 Rd8 36. Rf7+ Kg8 37. Qf5 Qb1+ 38. Kf4 Qf1+ 39. Ke3 Rxe5+ 40. Qxe5 Qxf7 41. Rf2 Re8 42. Rxf7 Rxe5+ 43. Kf4 Kxf7 44. Kxe5 Kg6 45. Kd6 Kg5 46. Kc7 Kg4 47. Kxb7 Kxg3 48. c4 h5 49. b5 cxb5 50. c5 h4 51. c6 h3 52. c7 h2 53. c8=Q h1=Q+ 54. Kxa7 Qb1 55. Qc3+ Kf2 56. Qb3 Qf5 57. Ka6 Qc8+ 58. Kxb5 Qb7+ 59. Kc4 Qc6+ 60. Kb4 Qb6+ 61. Kc3 Qc5+ 62. Kb2 Qa7 63. a4 Ke2 64. Qb5+ Kd2 65. Kb3 Ke3 66. Kb4 Qd4+ 67. Qc4 Qb6+ 68. Ka3 Qd6+ 69. Qb4 Qa6 70. Qb5 Qa8 71. a5 Kd4 72. Qb6+ Kc4 73. Qb4+ Kd5 74. Qb5+ Kd6 75. Ka4 Qe4+ 76. Kb3 Qe3+ 77. Kc2 Qf2+ 78. Kc3 Qe3+ 79. Kb4 Qd4+ 80. Kb3 Qd1+ 81. Ka2 Qc2+ 82. Ka3 Qc1+ 83. Kb4 Qb2+ 84. Kc4 Qe2+ 85. Kb4 Qb2+ 86. Ka4 Qa2+ 87. Kb4 Qb2+ 1/2-1/2


[Site "https://www.chess.com"]

[Event "Titled Tuesday Blitz June 29 2021"]
[White "partiallySquared"]
[Black "Ashedu66"]
[WhiteElo "2449"]
[BlackElo "2224"]
[Result "1-0"]
[Round "11"]
[TimeControl "180+1"]
[Date "2021.06.29"]
[WhiteClock "0:00:13"]
[BlackClock "0:00:03"]

1. d4 d6 2. Nf3 Bg4 3. Nbd2 Nf6 4. h3 Bh5 5. e4 e6 6. g4 Bg6 7. Qe2 Be7 8. Bg2 Nbd7 9. Nh4 e5 10. Nxg6 hxg6 11. Nf3 c6 12. Bd2 Qb6 13. Bc3 Qc7 14. O-O-O O-O-O 15. Ng5 Rhf8 16. f4 exf4 17. Bd2 Nd5 18. exd5 Bxg5 19. dxc6 bxc6 20. h4 Bf6 21. Bxf4 Rfe8 22. Qa6+ Qb7 23. Qxc6+ Qxc6 24. Bxc6 Kc7 25. Bf3 Nb6 26. g5 Be7 27. b3 Bf8 28. c4 Kc8 29. Bg4+ Kb7 30. Rhf1 Ka6 31. Rde1 f5 32. Bf3 d5 33. c5 Nc8 34. b4 Kb5 35. a3 Ne7 36. Kb2 Nc6 37. Kc3 a5 38. a4+ Kxa4 39. Ra1+ Kb5 40. bxa5 Ka6 41. Rfb1 1-0


[Site "https://www.chess.com"]

[Event "Titled Tuesday Blitz June 29 2021"]
[White "queen_iryna"]
[Black "novocane"]
[WhiteElo "2364"]
[BlackElo "2301"]
[Result "1-0"]
[Round "11"]
[TimeControl "180+1"]
[Date "2021.06.29"]
[WhiteClock "0:00:22"]
[BlackClock "0:00:07"]

1. e4 c5 2. Nf3 Nc6 3. Bb5 Nf6 4. Bxc6 dxc6 5. d3 Bg4 6. Nc3 Nd7 7. h3 Bh5 8. Be3 e5 9. Qd2 f6 10. g4 Bf7 11. O-O-O Qa5 12. a3 b5 13. Nh4 O-O-O 14. Nf5 c4 15. dxc4 Bxa3 16. Nd6+ Bxd6 17. Qxd6 Bxc4 18. Qxc6+ Qc7 19. Qxc7+ Kxc7 20. b3 b4 21. Na2 Be2 22. Rd5 Bf3 23. Re1 Bxe4 24. Ra5 a6 25. Nxb4 Bb7 26. Nd5+ Kd6 27. Rd1 Ke6 28. Nc7+ Kf7 29. Nxa6 Bxa6 30. Rxa6 Nb8 31. Ra7+ Kg6 32. Rxd8 Rxd8 33. h4 h5 34. gxh5+ Kxh5 35. Rxg7 Nc6 36. Rh7+ Kg6 37. Rc7 Nb4 38. Rc4 Nd5 39. b4 Rb8 40. Bd2 f5 41. c3 f4 42. Rc5 Rd8 43. b5 e4 44. c4 e3 45. fxe3 fxe3 46. Rxd5 exd2+ 47. Kxd2 1-0


[Site "https://www.chess.com"]

[Event "Titled Tuesday Blitz June 29 2021"]
[White "rynos0411"]
[Black "ChessyInstinct"]
[WhiteElo "2442"]
[BlackElo "2320"]
[Result "0-1"]
[Round "11"]
[TimeControl "180+1"]
[Date "2021.06.29"]
[WhiteClock "0:00:05"]
[BlackClock "0:00:03"]

1. e4 e5 2. Nf3 Nc6 3. d4 exd4 4. Nxd4 Nf6 5. Nxc6 bxc6 6. e5 Qe7 7. Qe2 Nd5 8. h4 h6 9. c4 Ba6 10. b3 g6 11. Qe4 Bg7 12. Bb2 Nf6 13. Qe2 Ng4 14. Qxg4 Bxe5 15. Bxe5 Qxe5+ 16. Qe2 Qxe2+ 17. Bxe2 O-O-O 18. Nc3 Rhe8 19. O-O-O d5 20. Rhe1 dxc4 21. Bxc4 Bxc4 22. bxc4 Rxe1 23. Rxe1 Rd3 24. Kc2 Rd4 25. Re4 Rd6 26. g4 Rf6 27. f4 g5 28. hxg5 hxg5 29. f5 Rh6 30. Ne2 Rh2 31. Kb3 Kd7 32. Nd4 c5 33. Nf3 Rh3 34. Re3 Kc8 35. Kc3 Rg3 36. Kd3 Rxg4 37. Ne5 Rd4+ 38. Kc3 f6 39. Nc6 Rf4 40. Re6 Rxf5 41. Re7 Rf3+ 42. Kd2 Rf2+ 43. Ke3 Rxa2 44. Rf7 Kb7 45. Nd8+ Kc8 46. Ne6 Ra3+ 47. Kd2 Ra6 48. Nxc7 Rd6+ 49. Kc3 Rd7 50. Rxd7 Kxd7 51. Nd5 f5 52. Kd3 Ke6 53. Ke3 Ke5 54. Nc3 g4 55. Nd5 g3 56. Nf4 a5 57. Nd3+ Kd6 58. Kf3 a4 59. Kxg3 a3 60. Kf4 a2 61. Kxf5 a1=Q 62. Ke4 Qd4+ 0-1


[Site "https://www.chess.com"]

[Event "Titled Tuesday Blitz June 29 2021"]
[White "sau6on"]
[Black "Kretov_Evgenij"]
[WhiteElo "2410"]
[BlackElo "2617"]
[Result "1-0"]
[Round "11"]
[TimeControl "180+1"]
[Date "2021.06.29"]
[WhiteClock "0:00:06"]
[BlackClock "0:00:13"]

1. d4 Nf6 2. c4 c5 3. d5 e5 4. Nc3 d6 5. e4 Be7 6. Nf3 O-O 7. Bd3 Ne8 8. h3 Nd7 9. g4 g6 10. Bh6 Ng7 11. Qd2 Nf6 12. Ne2 Kh8 13. Ng3 Ng8 14. Be3 a6 15. a4 Rb8 16. Rg1 Bd7 17. Nf5 gxf5 18. gxf5 f6 19. Ke2 b5 20. Rg4 bxc4 21. Bxc4 Nxf5 22. exf5 Bxf5 23. Rg3 Qb6 24. b3 Rf7 25. Rag1 Bd7 26. Bh6 Bxa4 27. Rg7 Bxb3 28. Bxb3 Qxb3 29. Rxf7 Qc4+ 30. Qd3 Rb2+ 31. Nd2 Qxd3+ 32. Kxd3 Nxh6 33. Rxe7 Rb8 34. Rgg7 Nf5 35. Rxh7+ Kg8 36. Rd7 a5 37. Ne4 Rf8 38. Nxd6 e4+ 39. Nxe4 a4 40. Ng3 c4+ 41. Kc3 Rb8 42. Nxf5 Rb3+ 43. Kxc4 1-0


[Site "https://www.chess.com"]

[Event "Titled Tuesday Blitz June 29 2021"]
[White "switlave"]
[Black "JiaHaoxiang"]
[WhiteElo "2497"]
[BlackElo "2655"]
[Result "0-1"]
[Round "11"]
[TimeControl "180+1"]
[Date "2021.06.29"]
[WhiteClock "0:01:06"]
[BlackClock "0:00:50"]

1. e4 c5 2. Nf3 e6 3. d4 cxd4 4. Nxd4 a6 5. Nc3 Qc7 6. a3 b5 7. Be3 Bb7 8. Qd2 Nf6 9. f3 Be7 10. g4 h6 11. Rg1 d5 12. exd5 Nxd5 13. Nxd5 Bxd5 14. O-O-O Nc6 15. Nf5 Bxf3 16. Nxg7+ Kf8 17. Bxh6 Kg8 18. Bf4 e5 19. Bg5 Kxg7 20. Bxe7 Qxe7 21. g5 Bxd1 22. g6 f6 23. h4 Rad8 24. Qg2 Bh5 25. Bd3 Nd4 26. Rf1 Rhe8 27. c3 e4 28. Bc2 Nxc2 29. Qxc2 e3 30. Re1 e2 31. Kb1 Rd1+ 32. Rxd1 exd1=Q+ 33. Qxd1 Bxd1 34. Ka2 Qe6+ 35. c4 Qxc4+ 36. Ka1 Bb3 37. h5 Qc1# 0-1


[Site "https://www.chess.com"]

[Event "Titled Tuesday Blitz June 29 2021"]
[White "viktorskliarov"]
[Black "DianaLomaia1"]
[WhiteElo "2542"]
[BlackElo "2404"]
[Result "1-0"]
[Round "11"]
[TimeControl "180+1"]
[Date "2021.06.29"]
[WhiteClock "0:00:20"]
[BlackClock "0:01:10"]

1. e4 d5 2. exd5 Qxd5 3. Nc3 Qd6 4. d4 Nf6 5. Nf3 g6 6. g3 Bg7 7. Bf4 Qd8 8. Bg2 O-O 9. O-O c6 10. Ne5 Be6 11. Re1 Re8 12. Qd2 Nd5 13. Nxd5 Bxd5 14. c4 Bxg2 15. Kxg2 Nd7 16. Rad1 Nf6 17. h3 Qb6 18. b3 Rad8 19. Qe3 e6 20. g4 a5 21. Qg3 Rxd4 22. Be3 Rxd1 23. Bxb6 Rxe1 24. Bxa5 Ra8 25. Bxe1 Rxa2 26. Qd3 Ne8 27. Qd7 Bxe5 28. Qxe8+ Kg7 29. Qd7 Re2 30. Kf1 Rb2 31. Qxb7 Rb1 32. Ke2 Rb2+ 33. Kd3 c5 34. Bd2 Rb1 35. f4 Bd4 36. g5 Rh1 37. b4 Rxh3+ 38. Kc2 Rh2 39. Qe4 Bg1 40. b5 Bd4 41. b6 Rh1 42. Qxh1 1-0


[Site "https://www.chess.com"]

[Event "Titled Tuesday Blitz June 29 2021"]
[White "volunteers1998"]
[Black "AsaHoffmann"]
[WhiteElo "2252"]
[BlackElo "2354"]
[Result "1-0"]
[Round "11"]
[TimeControl "180+1"]
[Date "2021.06.29"]
[WhiteClock "0:00:50"]
[BlackClock "0:01:20"]

1. e4 d6 2. d4 Nf6 3. Nc3 c6 4. f4 Qa5 5. Bd3 e5 6. Nf3 exd4 7. Nxd4 Qb6 8. Be3 Ng4 9. Bg1 Qxb2 10. Nde2 g6 11. Bd4 Rg8 12. Nb5 Qxb5 13. Bxb5 cxb5 14. O-O Nc6 15. Qd3 a6 16. c4 b4 17. h3 Nh6 18. f5 gxf5 19. exf5 Bd7 20. Qe3+ Kd8 21. Bb6+ Kc8 22. Rad1 Nxf5 23. Rxf5 Bxf5 24. Qe8+ 1-0


[Site "https://www.chess.com"]

[Event "Titled Tuesday Blitz June 29 2021"]
[White "zuma2910"]
[Black "1977Ivan"]
[WhiteElo "2553"]
[BlackElo "2731"]
[Result "1-0"]
[Round "11"]
[TimeControl "180+1"]
[Date "2021.06.29"]
[WhiteClock "0:00:11"]
[BlackClock "0:00:09"]

1. d4 Nf6 2. Nf3 g6 3. c4 Bg7 4. Nc3 d6 5. Bf4 O-O 6. e3 c5 7. Be2 Nh5 8. Bg5 h6 9. Bh4 g5 10. Bg3 Nxg3 11. hxg3 Bf5 12. dxc5 dxc5 13. O-O Nc6 14. Qd5 e6 15. Qxc5 Bxc3 16. bxc3 Qa5 17. Qb5 Rfc8 18. Nd4 Be4 19. Nxc6 Qxb5 20. Ne7+ Kf8 21. cxb5 Kxe7 22. c4 Rc5 23. Rfd1 Rac8 24. Rd4 Bg6 25. Rad1 R5c7 26. R1d2 b6 27. f4 f6 28. Kf2 Bf7 29. Rd6 Bg6 30. Bg4 f5 31. Be2 Be8 32. g4 Bg6 33. gxf5 Bxf5 34. g4 Be4 35. R2d4 Bb1 36. a4 Bc2 37. Kg3 Rg8 38. a5 bxa5 39. Ra6 a4 40. Rdd6 gxf4+ 41. exf4 1-0